AoeStats
← JJY

Arena

507485746Analyzed
1v1 RM · 13d ago on Sep 18, 2026· 72m 18s· 2 players
Game mode
Random Map
Map size
Tiny (2 player)
Population
200
Speed
Normal
Resources
Standard
Victory
Conquest
Starting age
Dark Age
Ending age
Imperial Age
RankedLock teamsTeams togetherTeam positionsShared explorationLock speedFull tech treeHidden civsTurbo modeCheats
Victory
Defeat
🇨🇳 Mongols · China
465
+18
🇨🇦 Vikings · Canada
506
-18
JJY
4:07 Loom
12:26 Feudal Age
13:56 Double-Bit Axe
14:03 Horse Collar
19:10 Castle Age
19:05 Bloodlines
20:26 Bow Saw
22:40 Light Cavalry
23:54 Heavy Plow
24:05 Gold Mining
24:05 Stone Mining
27:07 Wheelbarrow
26:18 Town Watch
32:50 Imperial Age
31:31 Gold Shaft Mining
31:36 Fletching
31:53 Scale Barding Armor
32:54 Bodkin Arrow
33:12 Forging
34:12 Hand Cart
34:50 Conscription
36:22 Stone Shaft Mining
36:27 Ballistics
37:08 Chemistry
36:55 Parthian Tactics
38:04 Hoardings
39:41 Bracer
39:42 Padded Archer Armor
40:04 Chain Barding Armor
40:27 Masonry
41:35 Leather Archer Armor
42:33 Iron Casting
41:22 Hussar
41:50 Elite Mangudai
43:30 Husbandry
45:58 Blast Furnace
46:30 Thumb Ring
45:48 Elite Skirmisher
46:38 Siege Engineers
46:30 Murder Holes
46:45 Fortified Wall
48:40 Nomads
54:05 Heavy Cavalry Archer
58:04 Elite Steppe Lancer
Dr Rockso
7:00 Loom
13:05 Feudal Age
13:55 Town Watch
14:35 Stone Mining
14:40 Double-Bit Axe
22:11 Castle Age
21:07 Horse Collar
21:21 Fletching
22:24 Gold Mining
23:06 Forging
24:19 Heavy Plow
24:46 Bow Saw
25:21 Scale Mail Armor
27:02 Bodkin Arrow
28:01 Padded Archer Armor
27:39 Crossbowman
31:05 Gold Shaft Mining
31:20 Squires
37:04 Imperial Age
35:39 Leather Archer Armor
36:14 Chieftains
35:38 Pikeman
37:20 Ballistics
38:52 Conscription
38:35 Bogsveigar
38:41 Bracer
39:34 Crop Rotation
39:35 Arbalester
39:52 Capped Ram
41:56 Two-Man Saw
42:49 Chemistry
42:48 Ring Archer Armor
43:35 Siege Ram
45:20 Siege Engineers
46:10 Chain Mail Armor
47:29 Iron Casting
47:28 Stone Mining
48:01 Elite Berserk
53:06 Masonry
55:01 Plate Mail Armor
58:47 Blast Furnace
57:54 Arson
66:07 Elite Skirmisher
Connection lost

Rejoining the realm…

Still unreachable

The connection could not be restored.

Session expired

The server has moved on; the page needs a fresh start.